PA
NEBRASKA PLAINSMEN @ ALAMEDA AIRMEN
05/20/2027
 
TOP OF THE 1ST
Nebraska Plainsmen batting - Pitching for Alameda Airmen : RHP Miguel Cabañas
Pitching: RHP Miguel Cabañas
Batting: SHB Tony Gutiérrez 0-0: Bunted foul
0-1: Foul Ball, location: 2F
0-2: Foul Ball, location: 2F
0-2: Ground out U3 (Groundball, 3)
Batting: LHB Gilberto Moreno 0-0: Foul Ball, location: 2F
0-1: TRIPLE (Line Drive, 8LD)
Batting: LHB Lance Antle 0-0: Called Strike
Balk!
Gilberto Moreno scores
0-1: Foul Ball, location: 2F
0-2: Ball
1-2: Foul Ball, location: 2F
1-2: Strikes out swinging
Batting: SHB Keyveat Postell 0-0: Ball
1-0: Ball
2-0: SOLO HOME RUN (Flyball, 89XD), Distance : 392 ft
Batting: LHB Pedro García 0-0: Called Strike
0-1: Ball
1-1: Ball
2-1: Called Strike
2-2: Strikes out swinging
Top of the 1st over - 2 run(s), 2 hit(s), 0 error(s), 0 left on base; Nebraska 2 - Alameda 0
BOTTOM OF THE 1ST
Alameda Airmen batting - Pitching for Nebraska Plainsmen : RHP Ramón Luér
Pitching: RHP Ramón Luér
Batting: RHB Xavier Gama 0-0: Ball
1-0: Ball
2-0: Ball
3-0: Called Strike
3-1: Base on Balls
Batting: RHB Armando Rodríguez 0-0: Grounds into double play, 6-4-3 (Groundball, 6)
Batting: RHB Mike Wazowski 0-0: Called Strike
0-1: Foul Ball, location: 2F
0-2: DOUBLE (Groundball, 5L)
Batting: RHB Alfonso Nazario 0-0: Foul Ball, location: 2F
0-1: SINGLE (Line Drive, 78M)
Mike Wazowski to third
Runner from 3rd tries for Home, SAFE, no throw
Batting: RHB Jud Regan 0-0: Ball
1-0: Called Strike
1-1: Called Strike
1-2: Ball
2-2: Fielders Choice at 2nd, 4-6 (Groundball, 4)
Bottom of the 1st over - 1 run(s), 2 hit(s), 0 error(s), 0 left on base; Nebraska 2 - Alameda 1
TOP OF THE 2ND
Nebraska Plainsmen batting - Pitching for Alameda Airmen : RHP Miguel Cabañas
Batting: RHB Harith Karim 0-0: Swinging Strike
0-1: Fly out, F8 (Flyball, 8LM)
Batting: SHB José Ángel 0-0: Called Strike
0-1: Ball
1-1: Foul Ball, location: 2F
1-2: Strikes out swinging
Batting: SHB Bill Bambridge 0-0: Ball
1-0: Ball
2-0: Swinging Strike
2-1: Fly out, F5 (Popup, 56D)
Top of the 2nd over - 0 run(s), 0 hit(s), 0 error(s), 0 left on base; Nebraska 2 - Alameda 1
BOTTOM OF THE 2ND
Alameda Airmen batting - Pitching for Nebraska Plainsmen : RHP Ramón Luér
Batting: SHB Adam Staats 0-0: Ball
1-0: Foul Ball, location: 2F
1-1: Foul Ball, location: 2F
1-2: Foul Ball, location: 2F
1-2: DOUBLE (Flyball, 8LD)
Batting: RHB Howard Lee 0-0: Called Strike
0-1: Ball
1-1: Ground out 6-3 (Groundball, 6)
Adam Staats to third
Batting: RHB Phil Pettit 0-0: Swinging Strike
0-1: Swinging Strike
0-2: Foul Ball, location: 2F
0-2: Ball
1-2: Ball
2-2: Strikes out looking
Batting: RHB Mario Salazar 0-0: Called Strike
0-1: Ground out 6-3 (Groundball, 56)
Bottom of the 2nd over - 0 run(s), 1 hit(s), 0 error(s), 1 left on base; Nebraska 2 - Alameda 1
TOP OF THE 3RD
Nebraska Plainsmen batting - Pitching for Alameda Airmen : RHP Miguel Cabañas
Batting: LHB Michael Cochran 0-0: Ball
1-0: Ground out U3 (Groundball, 34)
Batting: SHB Tony Gutiérrez 0-0: Foul Ball, location: 2F
0-1: Ball
1-1: Swinging Strike
1-2: Ball
2-2: Ground out 4-3 (Groundball, 4)
Batting: LHB Gilberto Moreno 0-0: Called Strike
0-1: Foul Ball, location: 2F
0-2: Ball
1-2: Ball
2-2: Ball
3-2: Foul Ball, location: 2F
3-2: Fly out, F9 (Flyball, 9LM)
Top of the 3rd over - 0 run(s), 0 hit(s), 0 error(s), 0 left on base; Nebraska 2 - Alameda 1
BOTTOM OF THE 3RD
Alameda Airmen batting - Pitching for Nebraska Plainsmen : RHP Ramón Luér
Batting: RHB Xavier Gama 0-0: Swinging Strike
0-1: Foul Ball, location: 2F
0-2: Ball
1-2: Ball
2-2: Foul Ball, location: 2F
2-2: Strikes out swinging
Batting: RHB Armando Rodríguez 0-0: Ball
1-0: Ball
2-0: Called Strike
2-1: SOLO HOME RUN (Flyball, 78XD), Distance : 414 ft
Batting: RHB Mike Wazowski 0-0: Ball
1-0: Ball
2-0: Ball
3-0: Base on Balls
Batting: RHB Alfonso Nazario 0-0: Foul Ball, location: 2F
0-1: Ball
1-1: Ball
2-1: Grounds into double play, 6-4-3 (Groundball, 6)
Bottom of the 3rd over - 1 run(s), 1 hit(s), 0 error(s), 0 left on base; Nebraska 2 - Alameda 2
TOP OF THE 4TH
Nebraska Plainsmen batting - Pitching for Alameda Airmen : RHP Miguel Cabañas
Batting: LHB Lance Antle 0-0: Ground out 4-3 (Groundball, 4)
Batting: SHB Keyveat Postell 0-0: Ball
1-0: Swinging Strike
1-1: Foul Ball, location: 2F
1-2: DOUBLE (Line Drive, 8LD)
Batting: LHB Pedro García 0-0: Ball
1-0: Foul Ball, location: 2F
1-1: Called Strike
1-2: Foul Ball, location: 2F
1-2: Strikes out looking
Batting: RHB Harith Karim 0-0: Foul Ball, location: 2F
0-1: Ground out 6-3 (Groundball, 6)
Top of the 4th over - 0 run(s), 1 hit(s), 0 error(s), 1 left on base; Nebraska 2 - Alameda 2
BOTTOM OF THE 4TH
Alameda Airmen batting - Pitching for Nebraska Plainsmen : RHP Ramón Luér
Batting: RHB Jud Regan 0-0: Called Strike
0-1: Foul Ball, location: 2F
0-2: Ball
1-2: Strikes out swinging
Batting: SHB Adam Staats 0-0: Ball
1-0: SINGLE (Groundball, 5D)
Batting: RHB Howard Lee 0-0: Ball
1-0: Foul Ball, location: 2F
1-1: Fly out, F8 (Flyball, 8RD)
Batting: RHB Phil Pettit 0-0: Ball
1-0: Foul Ball, location: 2F
1-1: Foul Ball, location: 2F
1-2: Fly out, F9 (Flyball, 9S)
Bottom of the 4th over - 0 run(s), 1 hit(s), 0 error(s), 1 left on base; Nebraska 2 - Alameda 2
TOP OF THE 5TH
Nebraska Plainsmen batting - Pitching for Alameda Airmen : RHP Miguel Cabañas
Batting: SHB José Ángel 0-0: Ball
1-0: Ball
2-0: Ball
3-0: Called Strike
3-1: Ground out 4-3 (Groundball, 4)
Batting: SHB Bill Bambridge 0-0: Called Strike
0-1: Fly out, F8 (Flyball, 8RM)
Batting: LHB Michael Cochran 0-0: SINGLE (Groundball, 4) (infield hit)
Batting: SHB Tony Gutiérrez 0-0: Fly out, F7 (Flyball, 78M)
Top of the 5th over - 0 run(s), 1 hit(s), 0 error(s), 1 left on base; Nebraska 2 - Alameda 2
BOTTOM OF THE 5TH
Alameda Airmen batting - Pitching for Nebraska Plainsmen : RHP Ramón Luér
Batting: RHB Mario Salazar 0-0: Called Strike
0-1: Foul Ball, location: 2F
0-2: DOUBLE (Line Drive, 78S)
Batting: RHB Xavier Gama 0-0: Called Strike
0-1: Fly out, F4 (Popup, 4)
Batting: RHB Armando Rodríguez 0-0: Ball
1-0: Ground out U3 (Groundball, 3)
Mario Salazar to third
Batting: RHB Mike Wazowski 0-0: Foul Ball, location: 2F
0-1: Called Strike
0-2: Ball
1-2: Ball
2-2: Ball
3-2: Base on Balls
Batting: RHB Alfonso Nazario 0-0: Ball
1-0: Ball
2-0: SINGLE (Line Drive, 89S)
Mario Salazar scores
Mike Wazowski to second
Batting: RHB Jud Regan 0-0: Foul Ball, location: 2F
0-1: Swinging Strike
0-2: SINGLE (Line Drive, 9S)
Mike Wazowski to third
Alfonso Nazario to second
Runner from 3rd tries for Home, SAFE, no throw
Batting: SHB Adam Staats 0-0: Ball
1-0: SINGLE (Groundball, 3D)
Alfonso Nazario to third
Jud Regan to second
Runner from 3rd tries for Home, SAFE, no throw
Batting: RHB Howard Lee 0-0: Called Strike
0-1: Ball
1-1: Foul Ball, location: 2F
1-2: Fielders Choice at 2nd, 6-4 (Groundball, 6)
Bottom of the 5th over - 3 run(s), 4 hit(s), 0 error(s), 1 left on base; Nebraska 2 - Alameda 5
TOP OF THE 6TH
Nebraska Plainsmen batting - Pitching for Alameda Airmen : RHP Miguel Cabañas
Batting: LHB Gilberto Moreno 0-0: Ball
1-0: Foul Ball, location: 2F
1-1: Ball
2-1: Swinging Strike
2-2: Strikes out swinging
Batting: LHB Lance Antle 0-0: Ball
1-0: Ground out 6-3 (Groundball, 6)
Batting: SHB Keyveat Postell 0-0: Ball
1-0: Called Strike
1-1: Foul Ball, location: 2F
1-2: Fly out, F8 (Flyball, 8LD)
Top of the 6th over - 0 run(s), 0 hit(s), 0 error(s), 0 left on base; Nebraska 2 - Alameda 5
BOTTOM OF THE 6TH
Alameda Airmen batting - Pitching for Nebraska Plainsmen : RHP Ramón Luér
Batting: RHB Phil Pettit 0-0: Ball
1-0: Ball
2-0: Ball
3-0: Called Strike
3-1: Ground out 6-3 (Groundball, 6MS)
Batting: RHB Mario Salazar 0-0: Ball
1-0: Called Strike
1-1: Ball
2-1: Foul Ball, location: 2F
2-2: Ball
3-2: Ground out 5-3 (Groundball, 5S)
Batting: RHB Xavier Gama 0-0: Foul Ball, location: 2F
0-1: Ball
1-1: Foul Ball, location: 2F
1-2: Fly out, F9 (Flyball, 9)
Bottom of the 6th over - 0 run(s), 0 hit(s), 0 error(s), 0 left on base; Nebraska 2 - Alameda 5
TOP OF THE 7TH
Nebraska Plainsmen batting - Pitching for Alameda Airmen : RHP Miguel Cabañas
Batting: LHB Pedro García 0-0: Ball
1-0: SINGLE (Groundball, 34D)
Batting: RHB Harith Karim 0-0: Fly out, F9 (Flyball, 9S)
Batting: SHB José Ángel 0-0: Ball
1-0: Fielders Choice at 2nd, 4-6 (Groundball, 4)
Batting: SHB Bill Bambridge 0-0: Called Strike
0-1: Foul Ball, location: 2F
0-2: Ball
1-2: Strikes out swinging
Top of the 7th over - 0 run(s), 1 hit(s), 0 error(s), 1 left on base; Nebraska 2 - Alameda 5
BOTTOM OF THE 7TH
Alameda Airmen batting - Pitching for Nebraska Plainsmen : RHP Ramón Luér
Batting: RHB Armando Rodríguez 0-0: Ball
1-0: Fly out, F9 (Flyball, 9LS)
Batting: RHB Mike Wazowski 0-0: Called Strike
0-1: Ball
1-1: Ball
2-1: Foul Ball, location: 2F
2-2: Strikes out swinging
Batting: RHB Alfonso Nazario 0-0: Ball
1-0: Called Strike
1-1: Foul Ball, location: 2F
1-2: Foul Ball, location: 2F
1-2: Strikes out swinging
Bottom of the 7th over - 0 run(s), 0 hit(s), 0 error(s), 0 left on base; Nebraska 2 - Alameda 5
TOP OF THE 8TH
Nebraska Plainsmen batting - Pitching for Alameda Airmen : RHP Miguel Cabañas
Batting: LHB Michael Cochran 0-0: Foul Ball, location: 2F
0-1: Ball
1-1: Fly out, F7 (Flyball, 7)
Batting: SHB Tony Gutiérrez 0-0: Called Strike
0-1: Swinging Strike
0-2: Foul Ball, location: 2F
0-2: Ball
1-2: Foul Ball, location: 2F
1-2: Strikes out swinging
Batting: LHB Gilberto Moreno 0-0: Called Strike
0-1: SOLO HOME RUN (Flyball, 7D), Distance : 391 ft
Batting: LHB Lance Antle 0-0: Ball
1-0: SINGLE (Flyball, 6MD)
Pitching: RHP Jim Unknown
Batting: SHB Keyveat Postell 0-0: Called Strike
0-1: Ball
1-1: Foul Ball, location: 2F
1-2: DOUBLE (Groundball, 5L)
Lance Antle to third
Runner from 3rd tries for Home, SAFE, no throw
Pinch Hitting: LHB Josh Platt 0-0: Ball
1-0: Ball
2-0: DOUBLE (Flyball, 89M)
Keyveat Postell scores
Batting: RHB Harith Karim 0-0: Called Strike
0-1: Fly out, F1 (Line Drive, 13S)
Top of the 8th over - 3 run(s), 4 hit(s), 0 error(s), 1 left on base; Nebraska 5 - Alameda 5
BOTTOM OF THE 8TH
Alameda Airmen batting - Pitching for Nebraska Plainsmen : RHP Ramón Luér
Pitching: LHP Jim Unknown
Now in RF: Josh Platt
Batting: RHB Jud Regan 0-0: Ball
1-0: Foul Ball, location: 2F
1-1: Ground out 6-3 (Groundball, 6)
Batting: SHB Adam Staats 0-0: Ball
1-0: Foul Ball, location: 2F
1-1: Ball
2-1: Ball
3-1: Base on Balls
Batting: RHB Howard Lee 0-0: Called Strike
0-1: Ball
1-1: Ball
2-1: Fielders Choice at 2nd, 1-6 (Groundball, 13S)
Pinch Hitting: RHB Teobaldo Pasquetto 0-0: Ball
1-0: Called Strike
1-1: Foul Ball, location: 2F
1-2: Ball
2-2: SINGLE (Line Drive, 89S)
Howard Lee to second
Batting: RHB Mario Salazar 0-0: Called Strike
0-1: Swinging Strike
0-2: Ball
1-2: Foul Ball, location: 2F
1-2: Strikes out swinging
Bottom of the 8th over - 0 run(s), 1 hit(s), 0 error(s), 2 left on base; Nebraska 5 - Alameda 5
TOP OF THE 9TH
Nebraska Plainsmen batting - Pitching for Alameda Airmen : RHP Jim Unknown
Now at 3B: Jim Unknown
Batting: SHB José Ángel 0-0: Ball
1-0: Called Strike
1-1: Swinging Strike
1-2: Strikes out looking
Pinch Hitting: RHB Guus de Weerdt 0-0: Reaches on Catchers interference
Pinch Hitting: SHB Rafael Porfrio 0-0: Ball
1-0: Foul Ball, location: 2F
1-1: Ball
2-1: Foul Ball, location: 2F
2-2: Strikes out swinging
Batting: SHB Tony Gutiérrez 0-0: Ball
1-0: Called Strike
1-1: Ball
2-1: Foul Ball, location: 2F
2-2: Ground out 3-1 (Groundball, 34S)
Top of the 9th over - 0 run(s), 0 hit(s), 1 error(s), 1 left on base; Nebraska 5 - Alameda 5
BOTTOM OF THE 9TH
Alameda Airmen batting - Pitching for Nebraska Plainsmen : LHP Jim Unknown
Now at 3B: José Bravo
Now in LF: Guus de Weerdt
Batting: RHB Xavier Gama 0-0: Called Strike
0-1: Foul Ball, location: 2F
0-2: Strikes out swinging
Batting: RHB Armando Rodríguez 0-0: Ball
1-0: Swinging Strike
1-1: Called Strike
1-2: Foul Ball, location: 2F
1-2: Strikes out swinging
Batting: RHB Mike Wazowski 0-0: Called Strike
0-1: Foul Ball, location: 2F
0-2: Ball
1-2: Ball
2-2: Ball
3-2: Base on Balls
Batting: RHB Alfonso Nazario 0-0: Ball
Mike Wazowski is caught stealing 2nd base
Bottom of the 9th over - 0 run(s), 0 hit(s), 0 error(s), 0 left on base; Nebraska 5 - Alameda 5
TOP OF THE 10TH
Nebraska Plainsmen batting - Pitching for Alameda Airmen : RHP Jim Unknown
Batting: LHB Gilberto Moreno 0-0: Foul Ball, location: 2F
0-1: Foul Ball, location: 2F
0-2: Ball
1-2: Strikes out swinging
Batting: LHB Lance Antle 0-0: Ground out 4-3 (Groundball, 4)
Batting: SHB Keyveat Postell 0-0: Swinging Strike
0-1: Ball
1-1: Ball
2-1: Foul Ball, location: 2F
2-2: Strikes out swinging
Top of the 10th over - 0 run(s), 0 hit(s), 0 error(s), 0 left on base; Nebraska 5 - Alameda 5
BOTTOM OF THE 10TH
Alameda Airmen batting - Pitching for Nebraska Plainsmen : LHP Jim Unknown
Batting: RHB Alfonso Nazario 0-0: Ball
1-0: Ball
2-0: Foul Ball, location: 2F
2-1: Ground out 6-3 (Groundball, 6)
Batting: RHB Jud Regan 0-0: Ball
1-0: Foul Ball, location: 2F
1-1: Ball
2-1: Called Strike
2-2: Foul Ball, location: 2F
2-2: Foul Ball, location: 2F
2-2: Ball
3-2: Foul Ball, location: 2F
3-2: Foul Ball, location: 2F
3-2: Ground out 5-3 (Groundball, 56)
Batting: SHB Adam Staats 0-0: Ball
1-0: Ball
2-0: Ball
3-0: Called Strike
3-1: SINGLE (Groundball, 56D)
Pitching: RHP Juan Contreras
Pinch Hitting: LHB Jean Tannen 0-0: Called Strike
0-1: Ball
1-1: Swinging Strike
1-2: Foul Ball, location: 2F
1-2: Strikes out swinging
Bottom of the 10th over - 0 run(s), 1 hit(s), 0 error(s), 1 left on base; Nebraska 5 - Alameda 5
TOP OF THE 11TH
Nebraska Plainsmen batting - Pitching for Alameda Airmen : RHP Jim Unknown
Pitching: RHP Miguel Matos
Now at C: Juan Costello
Batting: LHB Josh Platt 0-0: Fly out, F7 (Flyball, 7)
Pinch Hitting: RHB Jim Unknown 0-0: Ball
1-0: Foul Ball, location: 2F
1-1: Ball
2-1: Swinging Strike
2-2: Strikes out looking
Batting: SHB José Ángel 0-0: Ball
1-0: Called Strike
1-1: Foul Ball, location: 2F
1-2: Strikes out swinging
Top of the 11th over - 0 run(s), 0 hit(s), 0 error(s), 0 left on base; Nebraska 5 - Alameda 5
BOTTOM OF THE 11TH
Alameda Airmen batting - Pitching for Nebraska Plainsmen : RHP Juan Contreras
Now at C: José Muñóz
Batting: RHB Jim Unknown 0-0: Called Strike
0-1: Ball
1-1: Ground out 6-3 (Groundball, 6S)
Batting: RHB Mario Salazar 0-0: Ball
1-0: Called Strike
1-1: Called Strike
1-2: Ground out 4-3 (Groundball, 4)
Batting: RHB Xavier Gama 0-0: Ball
1-0: Foul Ball, location: 2F
1-1: Swinging Strike
1-2: Ball
2-2: Ball
3-2: Strikes out looking
Bottom of the 11th over - 0 run(s), 0 hit(s), 0 error(s), 0 left on base; Nebraska 5 - Alameda 5
TOP OF THE 12TH
Nebraska Plainsmen batting - Pitching for Alameda Airmen : RHP Miguel Matos
Batting: RHB Guus de Weerdt 0-0: Ball
1-0: Swinging Strike
1-1: Called Strike
1-2: Strikes out swinging
Pinch Hitting: LHB Jaime Méndez 0-0: Swinging Strike
0-1: Fly out, F8 (Flyball, 8LM)
Batting: SHB Tony Gutiérrez 0-0: Foul Ball, location: 2F
0-1: Foul Ball, location: 2F
0-2: Ball
1-2: Ball
2-2: Strikes out swinging
Top of the 12th over - 0 run(s), 0 hit(s), 0 error(s), 0 left on base; Nebraska 5 - Alameda 5
BOTTOM OF THE 12TH
Alameda Airmen batting - Pitching for Nebraska Plainsmen : RHP Juan Contreras
Now at 3B: Jen-djieh Cheung
Batting: RHB Armando Rodríguez 0-0: Called Strike
0-1: Ball
1-1: Ground out 6-3 (Groundball, 6M)
Batting: RHB Mike Wazowski 0-0: Foul Ball, location: 2F
0-1: Foul Ball, location: 2F
0-2: SOLO HOME RUN (Flyball, 7LD), Distance : 363 ft
Saturday, May 26th, 2018 - OOTP Baseball 17.12 Build 75